Map: Backwater LE

Players

Daersk

  • Race: Zerg Zerg
  • League: Gold
  • Spawn Location: 5:00

Kozzy - Winner!

  • Race: Protoss Protoss
  • League: Gold
  • Spawn Location: 11:00

VOD

Have the link to the VOD?

Description

Time

  • Played on: April 11, 2018, 5:47 p.m.
  • Length: 6:36
Show
View Real Time Build Order
Export as new Build Order

Daersk Zerg 

Build Orders: Hatch First 

Get SALT Encoding   

  12  0:00  Drone  
  13  0:13  Overlord  
  13  0:17  Drone  
  14  0:32  Drone x2  
  16  0:45  Drone  
  17  0:55  Hatchery  
  16  0:58  Drone  
  16  1:00  Drone  
  18  1:04  Extractor  
  17  1:17  Spawning Pool  
  16  1:24  Drone x2  
  18  1:29  Drone  
  19  1:48  Overlord  
  19  2:04  Zergling x4  
  19  2:07  Zergling x2  
  22  2:14  Metabolic Boost  
  22  2:37  Drone x3  
  23  2:38  Drone x2  
  23  2:40  Queen x2  
  23  2:41  Drone  
  32  3:04  Overlord  
  32  3:05  Drone x2, Zergling x2  
  35  3:23  Queen x2  
  39  3:33  Hatchery  
  38  3:44  Overlord  
  38  3:46  Drone  
  38  3:47  Drone x4  
  43  3:54  Drone  
  44  3:56  Overlord x2  
  44  3:58  Overlord x2  
  44  4:03  Drone  
  45  4:11  Zergling x4  
  47  4:22  Drone  
  48  4:25  Extractor, Drone x2  
  48  4:26  Drone x2  
  48  4:29  Extractor  
  48  4:30  Extractor  
  49  4:40  Overlord  
  48  4:56  Roach Warren  
  48  4:59  Overlord  
  47  5:10  Queen  
  47  5:13  Lair  
  49  5:24  Drone  
  49  5:25  Drone  
  49  5:26  Drone x2  
  49  5:27  Overlord  
  59  5:35  Roach x3  
  59  5:36  Roach x7  
  59  5:38  Zergling x10  
  78  5:45  Roach  
  58  6:10  Roach x5  
Show
View Real Time Build Order
Export as new Build Order

Kozzy Protoss - Winner!

Build Orders:  

Get SALT Encoding   

  12  0:01  Probe  
  13  0:13  Probe  
  14  0:22  Pylon  
  14  0:25  Probe  
  15  0:40  Probe  
  16  0:42  Gateway  
  16  0:52  Probe (Chrono Boost)  
  16  0:54  Assimilator  
  17  1:03  Probe (Chrono Boost)  
  18  1:08  Probe (Chrono Boost)  
  19  1:19  Probe  
  20  1:30  Cybernetics Core  
  20  1:31  Probe  
  21  1:47  Forge  
  21  1:48  Pylon  
  21  1:54  Zealot (Chrono Boost)  
  23  2:06  Pylon  
  23  2:11  Warp Gate  
  23  2:13  Zealot (Chrono Boost)  
  25  2:17  Robotics Facility  
  25  2:23  Shield Battery  
  25  2:38  Stalker  
  25  2:39  Pylon  
  27  2:57  Photon Cannon  
  27  3:03  Gateway  
  27  3:05  Protoss Ground Weapons Level 1 (Chrono Boost)  
  27  3:33  Pylon  
  27  3:36  Zealot  
  29  3:45  Immortal  
  29  3:46  Gateway  
  33  3:59  Pylon  
  33  4:18  Zealot x2  
  37  4:24  Immortal  
  37  4:29  Pylon  
  41  4:42  Zealot x3  
  47  5:03  Immortal, Zealot  
  47  5:05  Zealot  
  55  5:18  Stalker  
  57  5:29  Zealot x2  
Tags
 
League
GoldGold
Matchup
PvZ
Spawn Locations
Cross Positions
Add a new tag
Caveats
  • Supply blocks, unpowered buildings, or Contaminate may cause inaccurate times.
  • Supply counts are checked every 10 seconds.